 Dungeon Crawl Stone Soup version 0.28-a0-1429-gf3d713df7a (webtiles) character file.

Game seed: 5000019358608543114

5029 HallandMoats the Fighter (level 10, -5/91 HPs)
             Began as a Ghoul Fighter on Jan 9, 2022.
             Was a Follower of Ashenzari.
             Shot with a bolt by an orc warrior (19 damage)
             ... in a bailey.
             The game lasted 00:19:04 (11118 turns).

HallandMoats the Fighter (Ghoul Fighter)           Turns: 11118, Time: 00:19:05

Health: -5/91      AC: 10    Str: 21    XL:     10   Next: 55%
Magic:  9/9        EV: 13    Int:  5    God:    Ashenzari [*.....]
Gold:   481        SH:  0    Dex: 10    Spells: 9/9 levels left

rFire   + . .      SeeInvis .   a - +2 rapier (venom)
rCold   + . .      Faith    .   (no shield)
rNeg    + + +      Spirit   .   y - +1 ring mail "Disgust of Ashenzari" {rF+, Alch, Self} (curse)
rPois   ∞          Reflect  .   (no helmet)
rElec   .          Harm     .   F - +0 cloak
rCorr   .          Rampage  .   (no gloves)
Will    +....                   t - +0 pair of boots "Shattered Together" {Cun, Evo} (curse)
Stlth   ..........              (no amulet)
HPRegen 0.00/turn               s - ring of willpower
MPRegen 0.11/turn               (no ring)

@: inhibited regen, very slow
A: claws 1, cold resistance 1, negative energy resistance 3, inhibited
regeneration, torment resistance 2
a: Renounce Religion, Curse Item, Shatter the Chains


You were in a bailey.
You worshipped Ashenzari.
Ashenzari was aware of your devotion.
You visited 1 branch of the dungeon, and saw 8 of its levels.
You also visited: Sewer and Bailey.

You collected 481 gold pieces.

Inventory:

Hand Weapons
 a - a +2 rapier of venom (weapon)
 b - the +4 dire flail of Valuable Assets {drain, rN+ Dex+5}
   (You found it on level 3 of the Dungeon)

   A truly terrible weapon, it drains the life of any living foe it strikes.
   Dex:       It affects your dexterity (+5).
   rN:        It protects you from negative energy.
 j - a +0 long sword
Armour
 c - a +0 buckler
 t - the cursed +0 pair of boots "Shattered Together" (worn) {Cun, Evo}
   (You found it on level 4 of the Dungeon)

   It has a curse which improves the following skills: Cunning: Dodging and
   Stealth.
   Evocations: Evocations.
 y - the cursed +1 ring mail "Disgust of Ashenzari" (worn) {rF+, Alch, Self}
   (You found it on level 5 of the Dungeon)

   It has a curse which improves the following skills: Alchemy: Poison Magic and
   Transmutations.
   Introspection: Fighting and Spellcasting.
 B - a +0 plate armour
 E - the +4 scale mail of Noon {rElec rF++ rCorr Str-3}
   (You found it on level 7 of the Dungeon)

   Str:       It affects your strength (-3).
   rF:        It greatly protects you from fire.
   rElec:     It insulates you from electricity.
   rCorr:     It protects you from acid and corrosion.
 F - a +0 cloak (worn)
Jewellery
 i - a ring of wizardry
 s - a ring of willpower (left claw)
 x - a ring of flight
Wands
 d - a wand of paralysis (5)
 f - a wand of iceblast (2)
 h - a wand of acid (9)
 q - a wand of mindburst (25)
 r - a wand of flame (17)
Scrolls
 g - 3 scrolls of teleportation
 k - 2 scrolls of summoning
 m - 2 scrolls of fear
 p - a scroll of brand weapon
 w - a scroll of amnesia
Potions
 n - a potion of cancellation
 o - a potion of flight
 u - a potion of attraction
 v - a potion of might
 z - a potion of brilliance
 C - a potion of invisibility
 D - a potion of magic


   Skills:
 + Level 8.1(9.0) Fighting
 - Level 3.2 Long Blades
 * Level 7.7 Maces & Flails
 + Level 6.7 Armour
 + Level 6.1(6.9) Dodging
 - Level 4.4 Shields


You had 9 spell levels left.
You didn't know any spells.
Your spell library was empty.

Dungeon Overview and Level Annotations

Branches:
Dungeon (8/15)             Temple (0/1) D:5           Sewer (visited)
 Bailey (1/1)
   Lair: D:8-11

Altars:
Ashenzari
Ru
Sif Muna
Wu Jian
The Shining One

Shops:
D:8 **

Annotations:
D:5 1 runed translucent door


Innate Abilities, Weirdness & Mutations

You thrive by killing the living.
You are immune to poison.
You have sharp fingernails.
Your flesh is cold resistant. (rC+)
You are immune to negative energy. (rN+++)
You do not regenerate when monsters are visible.
You are immune to unholy pain and torment.


Message History

Your unstable footing causes you to fumble your attack.
The orc unwields a +0 arbalest.
The orc hits you but does no damage. The orc warrior hits you.
* * * LOW HITPOINT WARNING * * *
Your unstable footing causes you to fumble your attack.
The orc warrior hits you.
* * * LOW HITPOINT WARNING * * *
The orc misses you.
Your unstable footing causes you to fumble your attack.
The orc warrior barely misses you. The orc closely misses you.
The orc barely misses you. The orc warrior hits you!
* * * LOW HITPOINT WARNING * * *
Your unstable footing causes you to fumble your attack.
The orc warrior misses you. The orc closely misses you.
Okay, then.
Your unstable footing causes you to fumble your attack.
The orc warrior hits you.
* * * LOW HITPOINT WARNING * * *
The orc closely misses you.
You feel better. The orc warrior misses you.
The orc hits you but does no damage.
You miss the orc warrior.
The orc warrior is severely wounded.
The orc warrior splashes around in the water.
The orc closely misses you.
You closely miss the orc warrior.
The orc warrior is severely wounded.
The orc warrior splashes around in the water.
The orc hits you but does no damage.
You closely miss the orc warrior.
The orc warrior is severely wounded.
The orc warrior hits you!
* * * LOW HITPOINT WARNING * * *
The orc barely misses you.
You closely miss the orc warrior.
The orc warrior is severely wounded.
The orc warrior closely misses you. The orc barely misses you.
The orc warrior wields a +0 arbalest.
The orc warrior shoots a bolt.
The bolt hits you!!
You die...

... .. ... ≈≈≈
≈≈≈≈≈ .... ###
≈≈≈≈≈≈
....≈##.##≈≈≈≈≈≈
....≈ ....≈≈≈≈≈≈
....≈##.∩ ≈≈≈≈≈≈
....≈≈#o##≈≈≈≈≈#
....≈≈≈≈≈≈≈≈≈≈#
....≈≈o≈@≈≈≈≈##
....≈≈≈≈≈≈≈≈##
....≈≈≈≈≈≈≈≈#
....≈≈≈≈≈≈≈##
....≈≈≈≈≈≈≈#
....≈≈≈≈≈≈≈#
....≈≈≈≈≈≈≈#
....≈≈≈≈≈≈≈## #
....≈≈≈≈≈≈≈≈# #


You could see an orc warrior and an orc.

Vanquished Creatures
  A two-headed ogre (D:6)
  A troll (D:6)
  Grinder (D:3)
  Sigmund (D:4)
  5 humans (D:8)
  Menkaure (D:6)
  A water moccasin (D:7)
  A sky beast (D:7)
  An ice beast (D:5)
  5 orc warriors
  2 black bears
  An ogre (D:5)
  A phantom (D:6)
  Blork the orc (D:6)
  2 centaurs
  2 kobold brigands
  A bullfrog (Sewer)
  4 scorpions
  A howler monkey (D:8)
  A bullfrog zombie (D:6)
  3 centaur zombies
  A hound (D:6)
  Crazy Yiuf (D:7)
  2 centaur skeletons
  An orc priest (D:7)
  A bullfrog skeleton (D:2)
  Ijyb (D:3)
  Natasha (twice) (D:3)
  3 iguanas
  A scorpion zombie (D:5)
  6 orc wizards
  A killer bee zombie (D:5)
  3 howler monkey zombies
  A gnoll (D:4)
  12 adders
  3 white imps
  2 ufetubi
  An adder skeleton (D:4)
  2 worms
  2 dart slugs
  26 orcs
  3 endoplasms
  14 giant cockroaches
  9 goblins
  10 hobgoblins
  37 kobolds
  11 quokkas
  10 ball pythons
  9 bats
  7 frilled lizards
  A jackal skeleton (D:4)
  12 rats
  A bush (D:1)
233 creatures vanquished.

Vanquished Creatures (others)
  9 plants (D:4)
9 creatures vanquished.

Grand Total: 242 creatures vanquished

Notes
Turn   | Place    | Note
-------+----------+-------------------------------------------
     0 | D:1      | HallandMoats the Ghoul Fighter began the quest for the Orb.
     0 | D:1      | Reached XP level 1. HP: 19/19 MP: 0/0
    78 | D:1      | Reached XP level 2. HP: 26/26 MP: 1/1
   492 | D:1      | Found a faded altar of an unknown god.
   620 | D:1      | Reached XP level 3. HP: 27/31 MP: 2/2
   717 | D:2      | Reached skill level 1 in Dodging
   952 | D:2      | Reached XP level 4. HP: 40/40 MP: 3/3
  1906 | D:3      | Noticed Natasha
  1916 | D:3      | Killed Natasha
  1917 | D:3      | Reached XP level 5. HP: 20/46 MP: 4/4
  2273 | D:3      | Noticed Natasha
  2283 | D:3      | Killed Natasha
  2284 | D:3      | Reached skill level 4 in Fighting
  2391 | D:3      | Noticed Grinder
  2407 | D:3      | Killed Grinder
  2408 | D:3      | Reached XP level 6. HP: 22/53 MP: 5/5
  2641 | D:3      | Identified the +4 dire flail of Valuable Assets {drain, rN+
                  | Dex+5}
  3004 | D:3      | Noticed Ijyb
  3013 | D:3      | Killed Ijyb
  3157 | D:3      | Found a broken altar of Ashenzari.
  3165 | D:3      | Became a worshipper of Ashenzari the Shackled
  3253 | D:4      | Reached XP level 7. HP: 47/60 MP: 6/6
  3821 | D:4      | Noticed Sigmund
  3832 | D:4      | Killed Sigmund
  3833 | D:4      | Reached skill level 5 in Fighting
  3833 | D:4      | Reached skill level 1 in Maces & Flails
  3844 | D:4      | Identified the +2 leather armour of Pragmatism {Rampage
                  | rCorr Str+8 Int+4 Slay-3}
  4045 | D:4      | Reached XP level 8. HP: 62/68 MP: 7/7
  4711 | D:5      | Entered Level 5 of the Dungeon
  5787 | D:5      | Found a staircase to the Ecumenical Temple.
  6131 | D:5      | Found a runed translucent door.
  6621 | D:6      | Reached skill level 6 in Fighting
  6621 | D:6      | Reached skill level 5 in Armour
  6923 | D:6      | Found a glowing drain.
  6953 | Sewer    | Entered a sewer
  7078 | Sewer    | Reached XP level 9. HP: 78/78 MP: 8/8
  7584 | D:6      | Noticed Blork the orc
  7594 | D:6      | Killed Blork the orc
  7658 | D:6      | Noticed a two-headed ogre
  7677 | D:6      | Killed a two-headed ogre
  7678 | D:6      | Reached skill level 5 in Maces & Flails
  7918 | D:6      | Noticed a troll
  8259 | D:6      | Killed a troll
  8260 | D:6      | Reached skill level 7 in Fighting
  8260 | D:6      | Reached skill level 5 in Dodging
  8604 | D:6      | Noticed Menkaure
  8630 | D:6      | Killed Menkaure
  9250 | D:7      | Reached XP level 10. HP: 47/88 MP: 9/9
  9594 | D:7      | Found a shimmering blue altar of Sif Muna.
  9598 | D:7      | Found a sacrificial altar of Ru.
  9598 | D:7      | Found an ornate altar of the Wu Jian Council.
  9607 | D:7      | Reached * piety under Ashenzari
  9655 | D:7      | Identified the +4 scale mail of Noon {rElec rF++ rCorr
                  | Str-3}
  9767 | D:7      | Found a runed translucent door.
  9768 | D:7      | Noticed Crazy Yiuf
  9904 | D:7      | Killed Crazy Yiuf
 10053 | D:8      | Reached skill level 8 in Fighting
 10374 | D:8      | Found Xuixysm's Specific Store.
 10374 | D:8      | Found Qaidoaja's General Store.
 10452 | D:8      | Found a flagged portal.
 10462 | Bailey   | Entered a bailey
 11118 | Bailey   | Shot with a bolt by an orc warrior

Illustrated notes

Levels and vault maps discovered:
D:1:      dpeg_arrival_simpleton_a, layout_rooms,
          shapermc_ecumenical_altar_totnotflames, minmay_hedge_maze
D:2:      layout_loops_corners, corexii_leaking_fountain,
          minmay_misc_feat_hallway, kennysheep_generic_room_6
D:3:      layout_basic, ashenzari_altar_1, minmay_quantized, uniq_natasha,
          uniq_ijyb, uniq_grinder
D:4:      kennysheep_kobold_camp, layout_cave_pods, minmay_starry_boxes,
          uniq_sigmund
D:5:      layout_basic, temple_green, roderic_three_in_a_row,
          lightli_church_of_beogh
D:6:      layout_basic, portal_sewer_entry_e, st_stairs_8,
          minmay_unpleasant_kobolds, uniq_menkaure, uniq_blork_the_orc
D:7:      layout_rooms, grunt_temple_overflow_open, uniq_crazy_yiuf_cottage
D:8:      minmay_chambers_of_sevens, layout_basic,
          grunt_temple_overflow_champion_of_chaos, enter_bailey_5, special_room
          [special_room_orc], nicolae_specific_store, nicolae_wwwww,
          hangedman_glass_teeth, minmay_ruffians
Bailey:   bailey_polearm_2, bailey

Skill      XL: |  1  2  3  4  5  6  7  8  9 10 |
---------------+-------------------------------+-----
Shields        | 3 4 |  4.4
Long Blades    | 2 3 |  3.2
Armour         | 3 4 5 6 |  6.7
Dodging        | 1 2 3 4 5 6 |  6.1
Fighting       | 4 5 6 7 8 |  8.1
Maces & Flails | 2 4 6 7 |  7.7

Action                   |  1- 3 |  4- 6 |  7- 9 | 10-12 || total
-------------------------+-------+-------+-------+-------++-------
Melee: Long sword        |   166 |     8 |       |     3 ||   177
       Dagger            |       |    82 |       |       ||    82
       Dire flail        |       |    24 |   143 |       ||   167
       Rapier            |       |       |   338 |   147 ||   485
       Punch             |       |       |     3 |     4 ||     7
Invok: Curse Item        |       |       |     1 |     1 ||     2
  Use: Potion            |       |     1 |     4 |     3 ||     8
       Scroll            |       |       |    11 |     1 ||    12
Armor: Scale mail        |    46 |    38 |    84 |       ||   168
       Ring mail         |       |       |   161 |    86 ||   247
Dodge: Dodged            |    50 |    48 |   335 |   148 ||   581
Block: Buckler           |    18 |    13 |       |       ||    31

Table legend: (Time is in decaauts)
 A = Elapsed time spent in this place.
 B = Non-inter-level travel time spent in this place.
 C = Inter-level travel time spent in this place.
 D = Time resting spent in this place.
 E = Time spent auto-exploring this place.
 F = Levels seen in this place.
 G = Mean time per level.
                   A        B        C        D        E       F      G
               +--------+--------+--------+--------+--------+-----+--------+
         Total |  11379 |  11101 |    278 |    935 |   8040 |  10 | 1137.9 |
       Dungeon |  10091 |   9813 |    278 |    404 |   7645 |   8 | 1261.4 |
         Sewer |    624 |    624 |      0 |      0 |    395 |   1 |  624.0 |
        Bailey |    664 |    664 |      0 |    531 |      0 |   1 |  664.0 |
               +--------+--------+--------+--------+--------+-----+--------+

Top non-repeatable levels by time:
     D:5: 2198 daAuts
     D:4: 1491 daAuts
     D:6: 1486 daAuts
     D:2: 1370 daAuts
     D:3: 1200 daAuts
     D:7: 1108 daAuts
     D:1: 753 daAuts
  Bailey: 664 daAuts
   Sewer: 624 daAuts
     D:8: 481 daAuts
